Map: Port Aleksander LE

Players

puCK (Nina) - Winner!

  • Race: Protoss Protoss
  • League: Grandmaster
  • Spawn Location: 5:00

Probe

  • Race: Protoss Protoss
  • League: Master
  • Spawn Location: 11:00

Event: 2019 WCS Winter Americas

VOD

Have the link to the VOD?

Description

Time

  • Played on: March 23, 2019, 1:53 p.m.
  • Length: 4:29

All games in this series

Show
View Real Time Build Order
Export as new Build Order

puCK Protoss - Winner!

Build Orders:  

Get SALT Encoding   

  12  0:00  Probe  
  13  0:12  Probe  
  14  0:19  Pylon  
  14  0:24  Probe  
  15  0:38  Probe  
  15  0:40  Gateway  
  16  0:46  Assimilator, Probe  
  16  0:54  Assimilator  
  16  0:56  Probe  
  18  1:10  Gateway  
  18  1:11  Probe  
  19  1:24  Probe  
  20  1:28  Cybernetics Core  
  20  1:36  Probe  
  20  1:39  Pylon  
  22  1:54  Stalker x2  
  23  2:07  Shield Battery  
  25  2:13  Shield Battery  
  25  2:28  Stalker  
  26  2:39  Probe  
  26  2:42  Shield Battery  
  26  2:43  Shield Battery  
  25  3:01  Probe  
  25  3:02  Stalker  
  27  3:13  Probe  
  28  3:25  Probe  
  28  3:37  Probe  
Show
View Real Time Build Order
Export as new Build Order

Probe Protoss 

Build Orders: Cannon Rush 

Get SALT Encoding   

  12  0:00  Probe  
  13  0:13  Probe  
  14  0:18  Pylon  
  14  0:25  Probe  
  15  0:36  Probe  
  15  0:37  Forge  
  16  0:44  Probe  
  17  0:54  Probe  
  18  1:08  Pylon  
  19  1:11  Probe  
  19  1:27  Photon Cannon  
  19  1:32  Photon Cannon  
  19  1:37  Photon Cannon, Pylon  
  19  1:56  Photon Cannon  
  19  1:57  Photon Cannon  
  19  2:06  Photon Cannon  
  19  2:20  Probe  
  19  2:21  Photon Cannon  
  20  2:27  Pylon  
  20  2:37  Photon Cannon  
  20  2:46  Photon Cannon  
  20  3:01  Gateway  
  20  3:04  Photon Cannon  
  20  3:09  Probe  
  20  3:14  Assimilator  
  20  3:17  Assimilator  
Tags
 
Add a new tag
Caveats
  • Supply blocks, unpowered buildings, or Contaminate may cause inaccurate times.
  • Supply counts are checked every 10 seconds.